 Dungeon Crawl Stone Soup version 0.19.1-1-g22dce08 (webtiles) character file.

124918 M4edhros the Severer (level 16, -4/149 HPs)
             Began as a Minotaur Berserker on Jan 5, 2017.
             Was the Champion of Trog.
             Slain by a spark wasp (17 damage)
             ... on level 4 of the Spider Nest on Jan 6, 2017.
             The game lasted 00:31:09 (22842 turns).

M4edhros the Severer (Minotaur Berserker)          Turns: 22842, Time: 00:31:10

Health: -4/149     AC: 26    Str: 24    XL:     16   Next: 40%
Magic:  13/13      EV:  9    Int:  4    God:    Trog [******]
Gold:   1309       SH: 19    Dex: 15    Spells: 0 memorised, 15 levels left

rFire  + + .     SeeInvis .     j - +4 broad axe (chop)
rCold  + . .     Gourm    .     M - +1 gold dragon scales
rNeg   . . .     Faith    +     i - +2 large shield
rPois  +         Spirit   .     Q - +2 hat {MR+}
rElec  .         Reflect  .     (no cloak)
rCorr  .         Harm     .     (no gloves)
MR     ++++.                    Y - +0 pair of boots of Lethargy {+Blink rF- MR+}
Stlth  ..........               t - amulet of faith
                                r - ring of protection from magic
                                U - ring of protection from fire

@: exhausted, very slightly contaminated, slowed, very slow
A: retaliatory headbutt, fangs 1, hooves 1, horns 2, yellow scales 1, fire
resistance 1, low mp 1, sense surroundings 1, no device heal 1
a: Berserk, Trog's Hand, Brothers in Arms, Burn Spellbooks, Renounce Religion,
Evoke Blink


You were on level 4 of the Spider Nest.
You worshipped Trog.
Trog was exalted by your worship.
You were very hungry.

You visited 5 branches of the dungeon, and saw 28 of its levels.

You collected 2841 gold pieces.
You spent 1532 gold pieces at shops.

Inventory:

Hand Weapons
 j - a +4 broad axe of chopping (weapon)
 x - the +10 hunting sling of Ukeplatasu {venom, MP+9}
   (You found it on level 11 of the Dungeon)

   It poisons the ammo it fires.
   It affects your magic capacity (+9).
 H - a +4 hand axe
 I - a +2 executioner's axe of electrocution
 T - a +2 battleaxe of electrocution
Missiles
 G - 389 stones (quivered)
 L - 61 sling bullets
Armour
 a - a +0 large shield
 i - a +2 large shield (worn)
 z - a +0 troll leather armour
 M - +1 gold dragon scales (worn)
 Q - a +2 hat of magic resistance (worn)
 Y - the +0 pair of boots of Lethargy (worn) {+Blink rF- MR+}
   (You bought it in a shop on level 2 of the Orcish Mines)

   It makes you vulnerable to fire.
   It affects your resistance to hostile enchantments.
   It lets you blink.
Jewellery
 r - a ring of protection from magic (right hand)
 t - an amulet of faith (around neck)
 u - a +5 ring of intelligence
 F - an uncursed ring of see invisible
 U - a ring of protection from fire (left hand)
 V - an uncursed ring of protection from fire
Wands
 b - a wand of disintegration (15/24)
 m - a wand of polymorph (16/24)
 n - a wand of iceblast (8/15)
 v - a wand of flame (19/48)
 y - a wand of iceblast (6/15)
 N - a wand of flame (24/48)
 R - a wand of enslavement (22/24)
 S - a wand of paralysis (4/24)
 W - a wand of lightning (5/15)
Scrolls
 l - 6 scrolls of remove curse
 p - 4 scrolls of recharging
 J - 2 scrolls of enchant weapon
 K - a scroll of immolation
 P - 10 scrolls of identify
 X - 2 scrolls of magic mapping
 Z - 2 scrolls of teleportation
Potions
 e - a potion of lignification
 g - 2 potions of berserk rage {unknown}
 h - a potion of cure mutation
 k - 2 potions of degeneration
 o - 2 potions of brilliance
 q - 4 potions of flight
 s - 3 potions of invisibility
 A - a potion of curing
 B - 3 potions of might
 C - 2 potions of ambrosia
 E - a potion of heal wounds
Comestibles
 c - 2 bread rations
 d - 5 meat rations
 w - 5 royal jellies
 D - 8 beef jerkies
 O - 15 fruits


   Skills:
 + Level 15.1 Fighting
 * Level 20.8 Axes
 + Level 14.9 Armour
 + Level 14.2 Dodging
 * Level 8.7 Shields


You had 15 spell levels left.
You didn't know any spells.

Dungeon Overview and Level Annotations

Branches:
Dungeon (15/15)              Lair (6/6) D:8           Swamp (0/4) Lair:3
 Spider (4/4) Lair:4        Slime (0/5) Lair:6          Orc (2/2) D:11
    Elf (1/3) Orc:2        Vaults (0/5) D:13         Depths (0/5) D:15
 Temple: D:4-7

Altars:
Ashenzari
Cheibriados
Fedhas
Kikubaaqudgha
Nemelex Xobeh
Ru
Xom
The Shining One
Beogh
Jiyva

Shops:
D:4 *   D:10 %   Orc:1 }   Orc:2 :(*[

Annotations:
D:11 exclusion: obsidian statue
Lair:6 1 runed door


Innate Abilities, Weirdness & Mutations

You reflexively headbutt those who attack you in melee.
You have a pair of horns on your head.
You have very sharp teeth.
You have large cloven feet.
You are partially covered in yellow scales. (AC +2)
Your flesh is heat resistant. (rF+)
Your magical capacity is low. (-10% MP)
You passively map a small area around you.
Potions and wands are less effective at restoring your health.


Message History

The spark wasp blinks!
The spark wasp stings you but does no damage.
Evoke which item? (* to show all) (? for menu, Esc to quit)
Zapping:
S - a wand of paralysis {zapped: 3} (will waste charges)
Press: ? - help, Shift-Dir - straight line, f/p - spark wasp
Aim: a spark wasp (chance to defeat MR: 28%)
The spark wasp easily resists.
Evoking this partially-identified wand wasted a few charges.
You block the spark wasp's attack. x2; The jumping spider leaps!
Evoke which item? (* to show all) (? for menu, Esc to quit)
Zapping:
S - a wand of paralysis {zapped: 5} (will waste charges)
Press: ? - help, Shift-Dir - straight line, f/p - spark wasp
Aim: a spark wasp (chance to defeat MR: 28%)
The spark wasp easily resists.
Evoking this partially-identified wand wasted a few charges.
You block the spark wasp's attack.
The jumping spider leaps!
The spark wasp stings you!!
* * * LOW HITPOINT WARNING * * *
The spark wasp shocks you!
You die...

**,*,**,,,,*,,,*,,##*
,*,,**,,,*,**,,*,.#.###
,*,,*,,,,*,,*,,.#,....### #
,,,,*,*,,*,,,,...#......##### #
*,,*****,,,,**#...).#.......### #
*,,,**,#*#..*,,.<§..#..##....^###
*,,**,.#.*..#####...#..†..#...##.
**,,,,...##.#....y..#..†..#....#.
,*,,,.....#....#@...#..#.##.#..#.
,,,,*#........#.s.......#.##.....
*,,,,#.^###..##..#.#.##.#..#.....
*,,,,#..........#..†..#....#....#
*,,,,......................#.....
,,,,,.............^.#....^###....
*****...^s.≈.≈......#..#....#....
,,,,,....##≈s≈≈#............†..#.
8,,8,.8.**##≈≈###.8..8..8..8.#.##


You could see a spark wasp and 2 wolf spiders.

Vanquished Creatures
  Gastronok (Lair:1)
  An azure jelly (Lair:6)
  An orc warlord (Orc:2)
  Louise (Spider:2)
  A ghost moth (Spider:2)
  2 emperor scorpions
  The ghost of M4edhros the Severer, a journeyman MiBe of Trog (Lair:6)
  6 entropy weavers
  The ghost of Dolanko the Basher, a journeyman GrFi of Makhleb (Orc:2)
  4 vault guards (D:13)
  Harold (Lair:4)
  2 hydras
  A catoblepas (Lair:6)
  Erica (Lair:1)
  4 centaur warriors
  8 orc high priests (Orc:2)
  A skeletal warrior (D:15)
  An unseen horror (D:13)
  A flayed ghost (D:15)
  2 necromancers
  6 ugly things
  A deep elf mage (Elf:1)
  3 orc sorcerers (Orc:2)
  10 orb spiders
  An orc knight (D:15)
  2 hill giants
  19 wolf spiders
  2 manticores
  An oklob plant (D:9)
  4 cyclopes
  2 moths of wrath
  12 elephants
  An iron dragon skeleton (D:15)
  An elf zombie (D:15)
  5 black mambas
  11 spiny frogs
  2 rime drakes
  The ghost of cuckmaster the Chopper, a novice OpBe of Trog (D:4)
  10 komodo dragons
  A spectral redback (Spider:4)
  8 demonic crawlers
  A guardian mummy (D:15)
  7 trolls
  27 jumping spiders
  5 polar bears (Lair:6)
  9 hornets
  A two-headed ogre (D:13)
  12 blink frogs
  A two-headed ogre (shapeshifter) (D:15)
  A spectral jumping spider (Spider:4)
  6 slime creatures
  A deep troll zombie (D:15)
  9 hippogriffs
  A shadow (D:11)
  15 spriggans (Lair:6)
  61 redbacks
  47 yaks
  2 vampires
  6 wyverns
  17 tarantellas
  A hog (shapeshifter) (D:13)
  2 hungry ghosts (D:13)
  3 vampire mosquitoes (D:14)
  Menkaure (D:7)
  4 wargs (Orc:2)
  A mottled dragon (D:11)
  4 insubstantial wisps (Lair:3)
  A soldier ant (D:10)
  7 water moccasins
  A spectral hornet (Spider:4)
  8 porcupines
  A black bear (Lair:6)
  20 orc warriors
  2 ice beasts
  5 sky beasts
  2 hornet zombies
  A necrophage (D:12)
  2 boggarts (Lair:6)
  21 wolves (Lair:6)
  15 centaurs
  6 ogres
  9 crocodiles
  A big kobold (D:8)
  13 bullfrogs
  3 scorpions
  10 killer bees
  18 wights
  4 howler monkeys
  An electric eel (Lair:6)
  7 crimson imps
  5 hounds
  A quasit (D:11)
  10 jellies
  A bullfrog zombie (D:7)
  5 centaur skeletons
  4 centaur zombies
  14 orc priests
  2 bullfrog skeletons
  15 orc wizards
  4 iguanas
  9 worker ants
  7 polar bear simulacra (Lair:2)
  A yak simulacrum (Lair:2)
  3 wolf simulacra (Lair:2)
  A hound zombie (D:9)
  15 adders
  7 gnolls
  A howler monkey skeleton (D:4)
  2 river rats (D:8)
  3 shadow imps
  15 oozes
  2 worms
  A dart slug (D:3)
  2 leopard geckos
  52 orcs
  2 giant cockroaches (D:3)
  5 hobgoblins
  12 jackals
  3 quokkas
  A ball python (D:2)
  3 bats
  3 frilled lizards
  A goblin (D:3)
  8 kobolds
  2 quokka skeletons
  15 rats
  9 fungi
  6 plants
  2 withered plants (D:15)
801 creatures vanquished.

Vanquished Creatures (collateral kills)
  An entropy weaver (Spider:2)
1 creature vanquished.

Vanquished Creatures (others)
  A stone giant zombie (D:15)
  An orc wizard (Orc:2)
  10 fungi
  5 plants
17 creatures vanquished.

Grand Total: 819 creatures vanquished

Notes
Turn   | Place    | Note
-------+----------+-------------------------------------------
     0 | D:1      | M4edhros the Minotaur Berserker began the quest for the Orb.
     0 | D:1      | Reached XP level 1. HP: 19/19 MP: 0/0
    13 | D:1      | Reached skill level 4 in Axes
    16 | D:1      | Reached XP level 2. HP: 24/27 MP: 1/1
   526 | D:1      | Reached XP level 3. HP: 32/33 MP: 2/2
   556 | D:2      | Reached ** piety under Trog
   561 | D:2      | Found a snail-covered altar of Cheibriados.
   588 | D:2      | Found a sacrificial altar of Ru.
   839 | D:3      | Reached XP level 4. HP: 33/40 MP: 3/3
   841 | D:3      | Reached skill level 5 in Axes
   892 | D:3      | Found a blossoming altar of Fedhas.
   955 | D:4      | Found a shimmering altar of Xom.
   966 | D:4      | Reached XP level 5. HP: 14/46 MP: 4/4
  1218 | D:4      | Found Ezxa's Assorted Antiques.
  1223 | D:4      | Bought 3 scrolls labeled KUDEDAPRAMPI for 66 gold pieces
  1223 | D:4      | Bought a fizzy grey potion for 19 gold pieces
  1223 | D:4      | Bought a fizzy orange potion for 19 gold pieces
  1223 | D:4      | Bought a scroll labeled VUTAAL YNWUOTU for 22 gold pieces
  1224 | D:4      | Noticed cuckmaster's ghost (novice OpBe)
  1237 | D:4      | Noticed an ogre
  1243 | D:4      | Killed an ogre
  1243 | D:4      | Reached skill level 6 in Axes
  1252 | D:4      | Killed cuckmaster's ghost
  1252 | D:4      | Reached skill level 5 in Fighting
  1252 | D:4      | Reached XP level 6. HP: 47/56 MP: 5/5
  1252 | D:4      | Reached XP level 7. HP: 51/61 MP: 6/6
  1435 | D:4      | Reached skill level 7 in Axes
  1507 | D:4      | Found an ancient bone altar of Kikubaaqudgha.
  1578 | D:4      | Found a shimmering altar of Xom.
  1612 | D:4      | Reached *** piety under Trog
  1853 | D:5      | Entered Level 5 of the Dungeon
  1862 | D:5      | Reached skill level 5 in Armour
  1981 | D:6      | Reached skill level 8 in Axes
  2201 | D:6      | Reached skill level 5 in Dodging
  2201 | D:6      | Reached XP level 8. HP: 48/70 MP: 7/7
  2333 | D:7      | Noticed Menkaure
  2341 | D:7      | Killed Menkaure
  2394 | D:7      | Noticed a hippogriff
  2401 | D:7      | Killed a hippogriff
  2401 | D:7      | Reached skill level 9 in Axes
  2426 | D:7      | Noticed a hornet
  2432 | D:7      | Killed a hornet
  2655 | D:8      | Reached XP level 9. HP: 79/79 MP: 8/8
  2656 | D:8      | Reached skill level 10 in Axes
  2662 | D:8      | Reached **** piety under Trog
  2672 | D:8      | Reached skill level 11 in Axes
  2882 | D:8      | Found a staircase to the Lair.
  2999 | D:8      | Reached XP level 10. HP: 36/90 MP: 9/9
  3813 | D:9      | Reached ***** piety under Trog
  3953 | D:10     | Entered Level 10 of the Dungeon
  3984 | D:10     | Gained mutation: You are weak. (Str -2) [mutagenic meat]
  3986 | D:10     | Got a smelly ring mail
  3997 | D:10     | Identified the cursed +0 ring mail "Diesh" {Int+2} (You found it on level 10 of the Dungeon)
  4060 | D:10     | Found Rov Mei's Food Shoppe.
  4074 | D:10     | Gained mutation: You passively map a small area around you. [potion of mutation]
  4074 | D:10     | Gained mutation: You have a pair of large horns on your head. [potion of mutation]
  4074 | D:10     | Gained mutation: You can translocate small distances at will. [potion of mutation]
  4075 | D:10     | Lost mutation: You have a pair of large horns on your head. [potion of mutation]
  4075 | D:10     | Gained mutation: You have supernaturally acute eyesight. (SInv) [potion of mutation]
  4075 | D:10     | Gained mutation: You are robust. (+10% HP) [potion of mutation]
  4076 | D:10     | Lost mutation: You have supernaturally acute eyesight. (SInv) [potion of mutation]
  4076 | D:10     | Gained mutation: Your flesh is heat resistant. (rF+) [potion of mutation]
  4149 | D:10     | Lost mutation: You are weak. (Str -2) [potion of beneficial mutation]
  4318 | D:10     | Reached skill level 12 in Axes
  4543 | D:10     | Found an ancient bone altar of Kikubaaqudgha.
  4714 | D:11     | Received a gift from Trog
  4923 | D:11     | Reached skill level 1 in Shields
  4994 | D:11     | Noticed an obsidian statue
  4997 | D:11     | Noticed a centaur warrior
  5008 | D:11     | Killed a centaur warrior
  5037 | D:11     | Noticed a rust devil
  5215 | D:11     | Noticed a cyan ugly thing
  5231 | D:11     | Killed a cyan ugly thing
  5239 | D:11     | Gained mutation: You are partially covered in yellow scales. (AC +2) [mutagenic meat]
  5240 | D:11     | Gained mutation: You are clumsy. (Dex -2) [mutagenic meat]
  5300 | D:11     | Found a staircase to the Orcish Mines.
  5333 | D:11     | Reached XP level 11. HP: 89/106 MP: 10/10
  5361 | D:11     | Reached skill level 13 in Axes
  5569 | D:11     | Gained mutation: You are weak. (Str -2) [mutagenic meat]
  5570 | D:11     | Lost mutation: You are robust. (+10% HP) [mutagenic meat]
  5571 | D:11     | Lost mutation: You are weak. (Str -2) [mutagenic meat]
  5572 | D:11     | Gained mutation: You have large cloven feet. [mutagenic meat]
  5573 | D:11     | Gained mutation: Your mind is acute. (Int +2) [mutagenic meat]
  5616 | D:11     | Lost mutation: Your mind is acute. (Int +2) [mutagenic meat]
  5750 | D:11     | Found a roughly hewn altar of Beogh.
  5974 | D:11     | Got a brightly glowing hunting sling
  5975 | D:11     | Identified the +10 hunting sling of Ukeplatasu {venom, MP+9} (You found it on level 11 of the Dungeon)
  6283 | D:9      | Reached skill level 10 in Fighting
  6566 | D:9      | Found a sparkling altar of Nemelex Xobeh.
  6621 | D:9      | Noticed an oklob plant
  6637 | D:9      | Reached skill level 5 in Shields
  6667 | D:9      | Killed an oklob plant
  6955 | D:8      | Found a shattered altar of Ashenzari.
  7840 | Lair:1   | Entered Level 1 of the Lair of Beasts
  7846 | Lair:1   | Noticed Erica
  7867 | Lair:1   | Killed Erica
  7877 | Lair:1   | Reached ****** piety under Trog
  7877 | Lair:1   | Received a gift from Trog
  8146 | Lair:1   | Reached skill level 14 in Axes
  8585 | Lair:1   | Reached skill level 10 in Armour
  8623 | Lair:1   | Reached XP level 12. HP: 40/108 MP: 11/11
  8750 | Lair:1   | Noticed Gastronok
  8760 | Lair:1   | Killed Gastronok
  8965 | Lair:2   | Reached skill level 10 in Dodging
  8968 | Lair:2   | Reached skill level 15 in Axes
  9290 | Lair:2   | Noticed a seven-headed hydra
  9899 | Lair:3   | HP: 2/110 [blink frog (11)]
  9908 | Lair:3   | Received a gift from Trog
 10300 | Lair:3   | Noticed a six-headed hydra
 10314 | Lair:3   | Killed a six-headed hydra
 10402 | Lair:3   | Reached skill level 16 in Axes
 10404 | Lair:3   | Reached XP level 13. HP: 44/117 MP: 12/12
 10728 | Lair:3   | Found a staircase to the Swamp.
 10993 | Lair:4   | Noticed Harold
 11015 | Lair:4   | Killed Harold
 11065 | Lair:4   | Found a hole to the Spider Nest.
 11945 | Lair:6   | Entered Level 6 of the Lair of Beasts
 12276 | Lair:6   | Noticed an azure jelly
 12285 | Lair:6   | Killed an azure jelly
 12434 | Lair:6   | Reached skill level 17 in Axes
 12479 | Lair:6   | Found a runed door.
 12479 | Lair:6   | Found a viscous altar of Jiyva.
 12480 | Lair:6   | Noticed an azure jelly
 12480 | Lair:6   | Found a staircase to the Slime Pits.
 12525 | Lair:6   | Received a gift from Trog
 12587 | Lair:6   | Noticed M4edhros's ghost (journeyman MiBe)
 13269 | Lair:6   | Killed M4edhros's ghost
 13269 | Lair:6   | Received a gift from Trog
 13269 | Lair:6   | Reached XP level 14. HP: 40/127 MP: 13/13
 14730 | D:13     | Found a gate to the Vaults.
 14741 | D:13     | Reached skill level 18 in Axes
 14792 | D:13     | Received a gift from Trog
 15873 | D:15     | Entered Level 15 of the Dungeon
 15896 | D:15     | Found a staircase to the Depths.
 16205 | D:15     | Received a gift from Trog
 16216 | D:15     | Gained mutation: You have very sharp teeth. [mutagenic meat]
 16217 | D:15     | Lost mutation: You are clumsy. (Dex -2) [mutagenic meat]
 16218 | D:15     | Gained mutation: Your spells are a little harder to cast, but a little more powerful. [mutagenic meat]
 16219 | D:15     | Gained mutation: Potions and wands are less effective at restoring your health. [mutagenic meat]
 16240 | D:15     | Gained mutation: You are dopey. (Int -2) [potion of mutation]
 16240 | D:15     | Gained mutation: Your magical capacity is low. (-10% MP) [potion of mutation]
 16318 | D:15     | Found a glowing golden altar of the Shining One.
 16373 | D:15     | Reached skill level 19 in Axes
 16385 | D:15     | Lost mutation: You are dopey. (Int -2) [mutagenic meat]
 16387 | D:15     | Lost mutation: You can translocate small distances at will. [mutagenic meat]
 16388 | D:15     | Lost mutation: Your spells are a little harder to cast, but a little more powerful. [mutagenic meat]
 16669 | Orc:1    | Entered Level 1 of the Orcish Mines
 16685 | Orc:1    | Found Herokk's Quality Used Wands.
 16896 | Orc:2    | Entered Level 2 of the Orcish Mines
 16896 | Orc:2    | Found Awijude's General Store.
 16896 | Orc:2    | Noticed an orc warlord
 16951 | Orc:2    | Reached XP level 15. HP: 138/138 MP: 12/12
 16954 | Orc:2    | Killed an orc warlord
 17004 | Orc:2    | Bought +1 gold dragon scales for 1131 gold pieces
 17028 | Orc:2    | Found Ruowo's Antique Weapon Emporium.
 17146 | Orc:2    | Noticed Dolanko's ghost (journeyman GrFi)
 17177 | Orc:2    | Killed Dolanko's ghost
 17314 | Orc:2    | Found a staircase to the Elven Halls.
 17369 | Orc:2    | Found Jeceritula's Antique Armour Emporium.
 17397 | Orc:2    | Bought a pair of twisted boots for 275 gold pieces
 17408 | Orc:2    | Identified the +0 pair of boots of Lethargy {+Blink rF- MR+} (You bought it in a shop on level 2 of the Orcish Mines)
 17497 | Orc:2    | Found Asoad's Book Shop.
 17553 | Orc:2    | Received a gift from Trog
 17783 | Elf:1    | Entered Level 1 of the Elven Halls
 18352 | Spider:1 | Entered Level 1 of the Spider Nest
 19945 | Spider:2 | Received a gift from Trog
 19967 | Spider:2 | Noticed Louise
 19967 | Spider:2 | Reached skill level 20 in Axes
 19969 | Spider:2 | Killed a ghost moth
 20331 | Spider:2 | Killed Louise
 20474 | Spider:2 | Paralysed by fainting for 5 turns
 20727 | Spider:2 | Reached XP level 16. HP: 95/147 MP: 13/13
 20859 | Spider:2 | Received a gift from Trog
 21669 | Spider:3 | Reached skill level 15 in Fighting
 22524 | Spider:4 | Entered Level 4 of the Spider Nest
 22576 | Spider:4 | Received a gift from Trog
 22842 | Spider:4 | Slain by a spark wasp

Skill      XL: |  1  2  3  4  5  6  7  8  9 10 11 12 13 14 15 16 |
---------------+-------------------------------------------------+-----
Axes           | 4 5 6 8 9 11 12 14 16 17 19 20 | 20.8
Armour         | 3 4 5 6 8 9 10 11 12 13 14 | 14.9
Dodging        | 3 4 5 6 7 8 9 10 11 12 13 14 | 14.2
Fighting       | 4 5 7 8 9 10 11 12 14 15 | 15.1
Shields        | 3 6 7 8 |  8.7

Action                   |  1- 3 |  4- 6 |  7- 9 | 10-12 | 13-15 | 16-18 || total
-------------------------+-------+-------+-------+-------+-------+-------++-------
Melee: Hand axe          |    64 |    32 |   180 |   446 |       |       ||   722
       Headbutt          |    13 |     7 |    47 |   151 |   213 |    51 ||   482
       Battleaxe         |       |       |       |   212 |   912 |       ||  1124
       Bite              |       |       |       |       |    55 |    35 ||    90
       Broad axe         |       |       |       |       |    70 |   187 ||   257
 Fire: Hunting sling     |       |       |       |    59 |       |       ||    59
Invok: Berserk           |     1 |     2 |     6 |    17 |    21 |     3 ||    50
       Burn Spellbooks   |       |       |       |     1 |     1 |       ||     2
       Trog's Hand       |       |       |       |     1 |     6 |       ||     7
       Brothers in Arms  |       |       |       |       |     1 |       ||     1
Evoke: Wand              |       |     3 |       |     5 |     3 |    10 ||    21
       Box of beasts     |       |       |       |       |     2 |       ||     2
  Use: Potion            |       |     3 |       |     9 |    12 |       ||    24
       Scroll            |       |       |       |    21 |    10 |     4 ||    35
 Stab: Invisible         |       |       |       |       |     9 |       ||     9
  Eat: Chunk             |       |     3 |    12 |    36 |    45 |     1 ||    97
       Bread ration      |       |       |       |     3 |     3 |       ||     6
       Pizza             |       |       |       |       |     2 |       ||     2
       Royal jelly       |       |       |       |       |     3 |     4 ||     7
       Beef jerky        |       |       |       |       |     1 |       ||     1
Armor: Animal skin       |     8 |     2 |     1 |       |       |       ||    11
       Plate armour      |       |       |    77 |   340 |   380 |       ||   797
       Skin              |       |       |       |       |    27 |       ||    27
       Gold dragon scale |       |       |       |       |   296 |   131 ||   427
Dodge: Dodged            |    51 |    20 |    91 |   297 |   480 |    52 ||   991
Block: Large shield      |       |       |       |   169 |    85 |   263 ||   517
